NYP
HUDSON VALLEY RENEGADES @ CHICAGO (NYP) WHITE SOX
08/10/2047
 
TOP OF THE 1ST
Hudson Valley Renegades batting - Pitching for Chicago (NYP) White Sox : RHP Påske Olmqvist
Pitching: RHP Påske Olmqvist
Batting: LHB Jeremy Burton 0-0: Ball
1-0: Foul Ball, location: 2F
1-1: Swinging Strike
1-2: Strikes out swinging
Batting: SHB Josif Popovski 0-0: Ground out 6-3 (Groundball, 56, EV 88.1 MPH)
Batting: LHB Eric Toney 0-0: Foul Ball, location: 2F
0-1: Swinging Strike
0-2: Ball
1-2: Ball
2-2: Foul Ball, location: 2F
2-2: SOLO HOME RUN (Flyball, 9LD, EV 91.2 MPH), Distance : 349 ft
Batting: LHB Rocky Crowley 0-0: Foul Ball, location: 2F
0-1: Called Strike
0-2: Strikes out swinging
Top of the 1st over - 1 run, 1 hit, 0 errors, 0 left on base; Hudson Valley 1 - Chicago (NYP) 0
BOTTOM OF THE 1ST
Chicago (NYP) White Sox batting - Pitching for Hudson Valley Renegades : RHP Cameron Bianchi
Pitching: RHP Cameron Bianchi
Batting: SHB Tomas Caldera 0-0: Foul Ball, location: 2F
0-1: Called Strike
0-2: Strikes out swinging
Batting: RHB Ethan McCullough 0-0: Ground out 4-3 (Groundball, 4, EV 87.5 MPH)
Batting: RHB Tony Garcia 0-0: Called Strike
0-1: Called Strike
0-2: Ball
1-2: SINGLE (Groundball, 6D, EV 100.6 MPH)
Batting: LHB Adam Tarbutton 0-0: Ball
1-0: Called Strike
1-1: Fly out, F3 (Popup, 23F, EV 85.6 MPH)
Bottom of the 1st over - 0 runs, 1 hit, 0 errors, 1 left on base; Hudson Valley 1 - Chicago (NYP) 0
TOP OF THE 2ND
Hudson Valley Renegades batting - Pitching for Chicago (NYP) White Sox : RHP Påske Olmqvist
Batting: LHB Helmut Steggall 0-0: Called Strike
0-1: Foul Ball, location: 2F
0-2: Ball
1-2: Ground out U3 (Groundball, 13, EV 90.0 MPH)
Batting: LHB Tony Zizumbo 0-0: Called Strike
0-1: Ball
1-1: Ball
2-1: DOUBLE (Groundball, 3L, EV 96.9 MPH)
Batting: RHB Wil Urban 0-0: Swinging Strike
0-1: Foul Ball, location: 2F
0-2: Strikes out swinging
Batting: RHB Evan Chalarian 0-0: Called Strike
0-1: Called Strike
0-2: Ball
1-2: Strikes out looking
Top of the 2nd over - 0 runs, 1 hit, 0 errors, 1 left on base; Hudson Valley 1 - Chicago (NYP) 0
BOTTOM OF THE 2ND
Chicago (NYP) White Sox batting - Pitching for Hudson Valley Renegades : RHP Cameron Bianchi
Batting: SHB Manny Berrones 0-0: Called Strike
0-1: Ground out 6-3 (Groundball, 6, EV 84.4 MPH)
Batting: RHB Sean Peake 0-0: Called Strike
0-1: TRIPLE (Flyball, 7LD, EV 92.5 MPH)
Batting: RHB Kyle Morse 0-0: Ball
1-0: Ground out 5-3 (Groundball, 56S, EV 66.2 MPH)
Sean Peake scores
Batting: RHB Yorkis Saiki 0-0: Ball
1-0: Called Strike
1-1: Foul Ball, location: 2F
1-2: Strikes out swinging
Bottom of the 2nd over - 1 run, 1 hit, 0 errors, 0 left on base; Hudson Valley 1 - Chicago (NYP) 1
TOP OF THE 3RD
Hudson Valley Renegades batting - Pitching for Chicago (NYP) White Sox : RHP Påske Olmqvist
Batting: LHB Alex Genao 0-0: Foul Ball, location: 2F
0-1: Called Strike
0-2: Ground out U3 (Groundball, 3, EV 89.4 MPH)
Batting: LHB Jeremy Burton 0-0: Ground out 3-1 (Groundball, 34, EV 83.8 MPH)
Batting: SHB Josif Popovski 0-0: Foul Ball, location: 2F
0-1: Ball
1-1: Called Strike
1-2: Ground out 1-3 (Groundball, P, EV 72.5 MPH)
Top of the 3rd over - 0 runs, 0 hits, 0 errors, 0 left on base; Hudson Valley 1 - Chicago (NYP) 1
BOTTOM OF THE 3RD
Chicago (NYP) White Sox batting - Pitching for Hudson Valley Renegades : RHP Cameron Bianchi
Batting: RHB Kunimatsu Oya 0-0: SINGLE (Groundball, P, EV 83.8 MPH) (infield hit)
Batting: SHB Tomas Caldera 0-0: Foul Ball, location: 2F
0-1: Ball
1-1: Ball
2-1: Called Strike
2-2: Ball
3-2: Foul Ball, location: 2F
3-2: Ground out 4-3 (Groundball, 13, EV 85.6 MPH)
Kunimatsu Oya to second
Batting: RHB Ethan McCullough 0-0: DOUBLE (Line Drive, 89M, EV 106.2 MPH)
Kunimatsu Oya scores
Batting: RHB Tony Garcia 0-0: Ball
1-0: Ball
2-0: Ground out 6-3 (Groundball, 56, EV 96.2 MPH)
Batting: LHB Adam Tarbutton 0-0: Ball
1-0: Ground out 4-3 (Groundball, 4, EV 103.8 MPH)
Bottom of the 3rd over - 1 run, 2 hits, 0 errors, 1 left on base; Hudson Valley 1 - Chicago (NYP) 2
TOP OF THE 4TH
Hudson Valley Renegades batting - Pitching for Chicago (NYP) White Sox : RHP Påske Olmqvist
Batting: LHB Eric Toney 0-0: Ball
1-0: Called Strike
1-1: Ball
2-1: DOUBLE (Line Drive, 78D, EV 90.0 MPH)
Batting: LHB Rocky Crowley 0-0: Fly out, F6 (Popup, 6D, EV 64.4 MPH)
Batting: LHB Helmut Steggall 0-0: Swinging Strike
0-1: Foul Ball, location: 2F
0-2: Ground out 4-3 (Groundball, 4, EV 93.1 MPH)
Eric Toney to third
Batting: LHB Tony Zizumbo 0-0: Foul Ball, location: 2F
0-1: Ball
1-1: Ball
2-1: Foul Ball, location: 2F
2-2: Foul Ball, location: 2F
2-2: Strikes out swinging, 2-3 out at first.
Top of the 4th over - 0 runs, 1 hit, 0 errors, 1 left on base; Hudson Valley 1 - Chicago (NYP) 2
BOTTOM OF THE 4TH
Chicago (NYP) White Sox batting - Pitching for Hudson Valley Renegades : RHP Cameron Bianchi
Batting: SHB Manny Berrones 0-0: Called Strike
0-1: DOUBLE (Line Drive, 7LD, EV 104.4 MPH)
Batting: RHB Sean Peake 0-0: Ball
1-0: Fly out, F9 (Flyball, 89S, EV 85.6 MPH)
Batting: RHB Kyle Morse 0-0: Swinging Strike
0-1: Ball
1-1: Hit by Pitch
Batting: RHB Yorkis Saiki 0-0: Ball
1-0: Ball
2-0: Ball
3-0: Called Strike
3-1: Fielders Choice at 2nd, 2-4 (Groundball, 2L, EV 65.0 MPH)
Manny Berrones to third
Batting: RHB Kunimatsu Oya 0-0: Called Strike
0-1: Ball
1-1: Ball
2-1: Ball
3-1: Base on Balls
Yorkis Saiki to second
Batting: SHB Tomas Caldera 0-0: Called Strike
0-1: SINGLE (Groundball, 23, EV 71.2 MPH) (infield hit)
Manny Berrones scores
Yorkis Saiki to third
Kunimatsu Oya to second
Batting: RHB Ethan McCullough 0-0: Ball
1-0: Called Strike
1-1: Foul Ball, location: 2F
1-2: Strikes out swinging
Bottom of the 4th over - 1 run, 2 hits, 0 errors, 3 left on base; Hudson Valley 1 - Chicago (NYP) 3
TOP OF THE 5TH
Hudson Valley Renegades batting - Pitching for Chicago (NYP) White Sox : RHP Påske Olmqvist
Batting: RHB Wil Urban 0-0: Ball
1-0: Swinging Strike
1-1: Ball
2-1: Ground out 4-3 (Groundball, 4MS, EV 85.0 MPH)
Batting: RHB Evan Chalarian 0-0: Ball
1-0: Ball
2-0: DOUBLE (Line Drive, 78D, EV 110.0 MPH)
Batting: LHB Alex Genao 0-0: Ball
1-0: Called Strike
1-1: Ball
2-1: Ground out 5-3 (Groundball, 5S, EV 71.9 MPH)
Evan Chalarian to third
Batting: LHB Jeremy Burton 0-0: Fly out, F9 (Flyball, 89M, EV 87.5 MPH)
Top of the 5th over - 0 runs, 1 hit, 0 errors, 1 left on base; Hudson Valley 1 - Chicago (NYP) 3
BOTTOM OF THE 5TH
Chicago (NYP) White Sox batting - Pitching for Hudson Valley Renegades : RHP Cameron Bianchi
Batting: RHB Tony Garcia 0-0: Called Strike
0-1: Called Strike
0-2: Ground out 5-3 (Groundball, 56S, EV 84.4 MPH)
Batting: LHB Adam Tarbutton 0-0: Ball
1-0: Called Strike
1-1: Ball
2-1: Ground out 4-3 (Groundball, 4D, EV 110.0 MPH)
Batting: SHB Manny Berrones 0-0: Called Strike
0-1: Ground out 3-1 (Groundball, 34, EV 82.5 MPH)
Bottom of the 5th over - 0 runs, 0 hits, 0 errors, 0 left on base; Hudson Valley 1 - Chicago (NYP) 3
TOP OF THE 6TH
Hudson Valley Renegades batting - Pitching for Chicago (NYP) White Sox : RHP Påske Olmqvist
Batting: SHB Josif Popovski 0-0: Ball
1-0: SINGLE (Groundball, 6S, EV 71.9 MPH) (infield hit)
Batting: LHB Eric Toney 0-0: Called Strike
Josif Popovski steals 2nd, throwing error, E2
Josif Popovski to third
0-1: Ground out 4-3 (Groundball, 4, EV 102.5 MPH)
Josif Popovski scores
Batting: LHB Rocky Crowley 0-0: Called Strike
0-1: Ground out 4-3 (Groundball, 4, EV 100.6 MPH)
Batting: LHB Helmut Steggall 0-0: Called Strike
0-1: Foul Ball, location: 2F
0-2: Strikes out swinging
Top of the 6th over - 1 run, 1 hit, 1 error, 0 left on base; Hudson Valley 2 - Chicago (NYP) 3
BOTTOM OF THE 6TH
Chicago (NYP) White Sox batting - Pitching for Hudson Valley Renegades : RHP Cameron Bianchi
Batting: RHB Sean Peake 0-0: Fly out, F8 (Flyball, 8RXD, EV 95.0 MPH)
Batting: RHB Kyle Morse 0-0: Called Strike
0-1: Hit by Pitch
Batting: RHB Yorkis Saiki 0-0: Grounds into double play, 6-4-3 (Groundball, 6, EV 81.2 MPH)
Bottom of the 6th over - 0 runs, 0 hits, 0 errors, 0 left on base; Hudson Valley 2 - Chicago (NYP) 3
TOP OF THE 7TH
Hudson Valley Renegades batting - Pitching for Chicago (NYP) White Sox : RHP Påske Olmqvist
Batting: LHB Tony Zizumbo 0-0: Swinging Strike
0-1: Called Strike
0-2: Ball
1-2: Ball
2-2: Foul Ball, location: 2F
2-2: Fly out, F8 (Flyball, 8RS, EV 88.1 MPH)
Batting: RHB Wil Urban 0-0: Ball
1-0: Foul Ball, location: 2F
1-1: Ball
2-1: Fly out, F9 (Flyball, 9S, EV 86.2 MPH)
Batting: RHB Evan Chalarian 0-0: Ball
1-0: Ball
2-0: Foul Ball, location: 2F
2-1: Called Strike
2-2: Foul Ball, location: 2F
2-2: Ground out 4-3 (Groundball, 4, EV 107.5 MPH)
Top of the 7th over - 0 runs, 0 hits, 0 errors, 0 left on base; Hudson Valley 2 - Chicago (NYP) 3
BOTTOM OF THE 7TH
Chicago (NYP) White Sox batting - Pitching for Hudson Valley Renegades : RHP Cameron Bianchi
Batting: RHB Kunimatsu Oya 0-0: Ball
1-0: Ball
2-0: Foul Ball, location: 2F
2-1: Foul Ball, location: 2F
2-2: Strikes out swinging
Batting: SHB Tomas Caldera 0-0: Ball
1-0: Ball
2-0: Ground out 4-3 (Groundball, 4S, EV 86.9 MPH)
Batting: RHB Ethan McCullough 0-0: Ball
1-0: Ball
2-0: Called Strike
2-1: Called Strike
2-2: Fly out, F9 (Flyball, 9, EV 86.9 MPH)
Bottom of the 7th over - 0 runs, 0 hits, 0 errors, 0 left on base; Hudson Valley 2 - Chicago (NYP) 3
TOP OF THE 8TH
Hudson Valley Renegades batting - Pitching for Chicago (NYP) White Sox : RHP Påske Olmqvist
Batting: LHB Alex Genao 0-0: Hit by Pitch
Batting: LHB Jeremy Burton 0-0: Bunt missed!
0-1: Bunt missed!
0-2: Ball
1-2: Ball
Wild Pitch!
Alex Genao to second
2-2: Ball
3-2: Strikes out looking
Pinch Hitting: RHB Nelle Lommen 0-0: Called Strike
0-1: Ball
1-1: Ball
2-1: Ball
3-1: Foul Ball, location: 2F
3-2: Base on Balls
Batting: LHB Eric Toney 0-0: Ball
1-0: Ball
2-0: Ball
3-0: Called Strike
3-1: Foul Ball, location: 2F
3-2: Strikes out swinging
Pitching: LHP Jonas Jennings
Pinch Hitting: RHB Bazyli Andrysiak 0-0: Foul Ball, location: 2F
0-1: Ground out 1-3 (Groundball, P, EV 70.6 MPH)
Top of the 8th over - 0 runs, 0 hits, 0 errors, 2 left on base; Hudson Valley 2 - Chicago (NYP) 3
BOTTOM OF THE 8TH
Chicago (NYP) White Sox batting - Pitching for Hudson Valley Renegades : RHP Cameron Bianchi
Now at 2B: Nelle Lommen
Now at SS: Alex Genao
Now in LF: Chris Lockart
Batting: RHB Tony Garcia 0-0: Ball
1-0: Ball
2-0: Foul Ball, location: 2F
2-1: SINGLE (Groundball, 6MD, EV 98.1 MPH)
Batting: LHB Adam Tarbutton 0-0: Called Strike
0-1: Ball
1-1: Foul Ball, location: 2F
1-2: Strikes out looking
Batting: SHB Manny Berrones 0-0: Foul Ball, location: 2F
0-1: Ball
1-1: Fly out, F7 (Flyball, 78M, EV 83.8 MPH)
Batting: RHB Sean Peake 0-0: Foul Ball, location: 2F
0-1: DOUBLE (Flyball, 8RD, EV 108.8 MPH)
Tony Garcia to third
Batting: RHB Kyle Morse 0-0: Foul Ball, location: 2F
0-1: Foul Ball, location: 2F
0-2: Ball
1-2: Strikes out looking
Bottom of the 8th over - 0 runs, 2 hits, 0 errors, 2 left on base; Hudson Valley 2 - Chicago (NYP) 3
TOP OF THE 9TH
Hudson Valley Renegades batting - Pitching for Chicago (NYP) White Sox : LHP Jonas Jennings
Now at 1B: Olaf Zoeteman
Now in RF: Bastiaan Leenders
Pinch Hitting: RHB Dave Galloway 0-0: Swinging Strike
0-1: Foul Ball, location: 2F
0-2: Ground out 6-3 (Groundball, 6, EV 90.0 MPH)
Batting: RHB Dusty Camelli 0-0: Ball
1-0: Swinging Strike
1-1: Foul Ball, location: 2F
1-2: Ball
2-2: Foul Ball, location: 2F
2-2: Ball
3-2: Foul Ball, location: 2F
3-2: Foul Ball, location: 2F
3-2: Foul Ball, location: 2F
3-2: Ground out 6-3 (Groundball, 6M, EV 86.9 MPH)
Batting: RHB Wil Urban 0-0: Ball
1-0: Called Strike
1-1: Foul Ball, location: 2F
1-2: Foul Ball, location: 2F
1-2: Foul Ball, location: 2F
1-2: Ball
2-2: Foul Ball, location: 2F
2-2: Strikes out looking
Top of the 9th over - 0 runs, 0 hits, 0 errors, 0 left on base; Hudson Valley 2 - Chicago (NYP) 3
Thursday, December 15th , 2022 - OOTP Baseball 23.9 Build 102